 Dungeon Crawl Stone Soup version 0.28.0-43-g3370ac3207 (webtiles) character file.

Game seed: 6393149045461893797

72 zeratav the Insei (level 4, 0/28 HPs)
             Began as an Octopode Transmuter on Mar 30, 2022.
             Slain by an orc wizard
             ... wielding a +0 dagger
              (2 damage)
             ... on level 3 of the Dungeon.
             The game lasted 00:11:02 (2370 turns).

zeratav the Insei (Octopode Transmuter)             Turns: 2370, Time: 00:11:03

Health: 0/28       AC:  1    Str:  9    XL:     4   Next: 25%
Magic:  7/7        EV: 13    Int: 15    God:
Gold:   73         SH:  0    Dex: 14    Spells: 6/7 levels left

rFire   . . .      SeeInvis .     - Unarmed
rCold   . . .      Faith    .   (no shield)
rNeg    . . .      Spirit   .   (helmet restricted)
rPois   .          Reflect  .   (no amulet)
rElec   .          Harm     .   (no ring)
rCorr   .          Rampage  .   (no ring)
Will    .....                   (no ring)
Stlth   ++........              (no ring)
HPRegen 0.09/turn               (no ring)
MPRegen 0.10/turn               (no ring)
                                (no ring)
                                (no ring)

@: flying (expiring)
A: almost no armour, amphibious, 8 rings, camouflage 1, gelatinous body 1,
(nimble swimmer 1), tentacles
a: no special abilities


You were on level 3 of the Dungeon.
You visited 1 branch of the dungeon, and saw 3 of its levels.

You collected 73 gold pieces.

Inventory:

Hand Weapons
 b - a +0 hunting sling
Missiles
 d - 63 stones (quivered)
 e - 33 sling bullets
Scrolls
 f - 2 scrolls of identify


   Skills:
 * Level 1.6 Fighting
 + Level 2.7 Dodging
 + Level 4.3 Unarmed Combat
 - Level 2.0 Spellcasting
 - Level 2.0 Transmutations


You had 6 spell levels left.
You knew the following spells:

 Your Spells              Type           Power      Damage    Failure   Level
a - Beastly Appendage     Tmut           14%        N/A       10%         1

Your spell library contained the following spells:

 Spells                   Type           Power      Damage    Failure   Level
 Wereblood                Tmut           7%         N/A       14%         2
 Sublimation of Blood     Necr           1%         N/A       32%         2
 Spider Form              Tmut/Pois      4%         N/A       41%         3
 Ice Form                 Ice/Tmut       4%         N/A       82%         4
 Summon Hydra             Summ           0%         N/A       100%        7


Dungeon Overview and Level Annotations

Branches:
Dungeon (3/15)

Altars:


Innate Abilities, Weirdness & Mutations

You cannot wear most types of armour.
You are amphibious.
You can wear up to eight rings at the same time.
Your skin changes colour to match your surroundings (Stealth+).
Your rubbery body absorbs attacks. (AC +1, EV +1)
((You are camouflaged when in or above water. (Stealth+)))
You have tentacles for arms and can constrict up to eight enemies at once.


Message History

You are confused.
You feel invigorated. Something hits you.
* * * LOW HITPOINT WARNING * * *
Unknown command.
You bump into the rock wall.
Something hits you.
* * * LOW HITPOINT WARNING * * *
You miss something. Something hits you.
* * * LOW HITPOINT WARNING * * *
Something hits you.
You closely miss something. Your squeeze misses something. Something hits you.
You bump into the rock wall.
You feel less invigorated.
You feel less confused. Something hits you. Something hits you.
You tentacle-slap something. Your squeeze misses something. Something hits you.
You aren't carrying any potions.
As you read the scroll labelled LOOTEH KEWK, it crumbles to dust.
It is a scroll of amnesia.
Really abort (and waste the scroll)?
Okay, then.
Something hits you.
As you read the scroll labelled ZEOS ECU NEWOU, it crumbles to dust.
You hear a loud clanging noise!
It was a scroll of noise.
You hear a shout! x6
Something hits you.
* * * LOW HITPOINT WARNING * * *
As you read the scroll labelled XIWEPP YRRIWNU, it crumbles to dust.
It is a scroll of identify.
You don't have any unidentified items.
Something hits you.
* * * LOW HITPOINT WARNING * * *
You hear some strange, mumbled words.
You are confused.
You hear some strange, mumbled words.
Something tries to affect you, but you resist.
You see here a frilled lizard corpse.
You are starting to lose your buoyancy.
You feel less confused. Something hits you.
You die...

#...................
#...# #.#...........
#...# #.#.##)##.....
#...###...##)# ###
##...........#
#...........#
#..........##
#....†.....#
#....@.....#
#..........#
#..........###.
#..............#
#..........#####
#.<........#
#.>...)....##
#####.......#
##.####.#


There were no monsters in sight!

Vanquished Creatures
  An orc wizard (D:3)
  An adder (D:2)
  A dart slug (D:1)
  An orc (D:3)
  4 ball pythons
  6 bats
  2 endoplasms (D:1)
  2 goblins (D:1)
  6 hobgoblins
  4 kobolds
  A quokka (D:1)
  4 frilled lizards
  4 rats
37 creatures vanquished.

Notes
Turn   | Place    | Note
-------+----------+-------------------------------------------
     0 | D:1      | zeratav the Octopode Transmuter began the quest for the
                  | Orb.
     0 | D:1      | Reached XP level 1. HP: 13/13 MP: 3/3
    23 | D:1      | Found a faded altar of an unknown god.
   161 | D:1      | Reached XP level 2. HP: 17/18 MP: 5/5
   977 | D:1      | Reached XP level 3. HP: 20/23 MP: 6/6
  1683 | D:2      | Reached skill level 4 in Unarmed Combat
  2344 | D:3      | Reached XP level 4. HP: 12/28 MP: 7/7
  2363 | D:3      | HP: 1/28 [something (4)]
  2370 | D:3      | Slain by an orc wizard

Illustrated notes

Levels and vault maps discovered:
D:1:      sevenhm_arrival_forest_fort_small_6, layout_basic,
          basic_ecumenical_altar
D:2:      layout_basic, amcnicky_mini_pool_small, solitary_fountain
D:3:      layout_basic, serial_curves, eino_curves_01, eino_curves_01,
          amethyst_killhole, uniq_terence, uniq_ijyb

Skill      XL: |  1  2  3 |
---------------+----------+-----
Unarmed Combat | 4 |  4.3
Fighting       | |  1.6
Dodging        | |  2.7
Spellcasting   | |  2.0
Transmutations | |  2.0

Action                   |  1- 3 |  4- 6 || total
-------------------------+-------+-------++-------
Melee: Unarmed           |    64 |     5 ||    69
       Constrict         |    17 |     1 ||    18
       Tentacles         |    12 |     2 ||    14
       Punch             |     1 |       ||     1
Throw: Stone             |    64 |       ||    64
 Cast: Beastly Appendage |     1 |       ||     1
  Use: Scroll            |       |     3 ||     3
       Potion            |       |     2 ||     2
 Stab: Sleeping          |     3 |       ||     3
Armor: Skin              |    10 |     1 ||    11
Dodge: Dodged            |    30 |     2 ||    32
